AoeStats
← HR Pinkman

Arena

505164480Analyzed
4v4 RM · 23d ago on Sep 8, 2026· 42m 24s· 8 players
Game mode
Random Map
Map size
Large (8 player)
Population
200
Speed
Normal
Resources
Standard
Victory
Conquest
Starting age
Dark Age
Ending age
Imperial Age
RankedLock teamsTeams togetherTeam positionsShared explorationLock speedFull tech treeHidden civsTurbo modeCheats
Victory
Defeat
🇲🇽 Mongols · Mexico
1852
+13
🇯🇵 Portuguese · Japan
1798
+15
🇧🇷 Saracens · Brazil
1763
+16
🇲🇽 Lithuanians · Mexico
1700
+19
🇨🇱 Vietnamese · Chile
1856
-18
🇨🇱 Chinese · Chile
1849
-19
🇵🇪 Dravidians · Peru
1720
-14
🇨🇱 Bohemians · Chile
1668
-12
Ux'Chimtzin
10:51 Feudal Age
12:08 Double-Bit Axe
14:42 Castle Age
14:56 Horse Collar
15:37 Bow Saw
15:33 Heavy Plow
20:55 Gold Mining
22:13 Wheelbarrow
22:37 Town Watch
23:34 Scale Barding Armor
25:02 Chain Barding Armor
26:40 Husbandry
30:05 Imperial Age
27:54 Hand Cart
27:56 Bloodlines
28:03 Stone Mining
29:06 Scale Mail Armor
29:17 Forging
28:46 Man-at-Arms
29:27 Squires
30:10 Chain Mail Armor
29:54 Long Swordsman
31:25 Iron Casting
30:39 Two-Handed Swordsman
31:22 Champion
32:48 Crop Rotation
33:24 Two-Man Saw
32:56 Loom
33:18 Capped Ram
35:18 Chemistry
34:17 Cavalier
36:36 Ballistics
38:47 Paladin
39:51 Conscription
42:08 Plate Barding Armor
APZz_
9:41 Feudal Age
13:16 Castle Age
11:35 Double-Bit Axe
12:11 Gold Mining
14:14 Bow Saw
15:02 Sanctity
17:14 Fervor
18:24 Loom
20:30 Redemption
22:40 Town Watch
27:03 Wheelbarrow
30:20 Gold Shaft Mining
30:47 Hand Cart
36:15 Imperial Age
35:34 Scale Barding Armor
35:40 Forging
37:11 Chain Barding Armor
37:27 Iron Casting
36:27 Elite Mameluke
37:26 Block Printing
37:46 Theocracy
38:11 Conscription
38:07 Bimaristan
37:59 Husbandry
38:10 Bloodlines
38:27 Parthian Tactics
38:11 Thumb Ring
38:47 Plate Barding Armor
39:12 Blast Furnace
38:24 Treadmill Crane
39:44 Chemistry
39:05 Ballistics
40:08 Hoardings
40:36 Fletching
40:53 Siege Engineers
Ux'Uzzi
9:10 Feudal Age
8:40 Loom
13:40 Castle Age
12:09 Double-Bit Axe
21:21 Bow Saw
26:49 Wheelbarrow
27:19 Town Watch
31:31 Hand Cart
35:08 Imperial Age
34:12 Gold Mining
34:13 Stone Mining
35:16 Heavy Scorpion
36:35 Siege Engineers
38:28 Chemistry
39:28 Masonry
39:00 Horse Collar
39:55 Gold Shaft Mining
39:56 Stone Shaft Mining
39:26 Caravan
41:01 Ballistics
41:05 Conscription
41:27 Drill
Skirmisher Timing
10:21 Feudal Age
11:20 Feudal Age
12:17 Double-Bit Axe
14:56 Castle Age
12:38 Horse Collar
15:49 Bow Saw
19:38 Wheelbarrow
22:39 Hand Cart
23:07 Gold Mining
28:20 Imperial Age
25:44 Stone Mining
26:57 Stone Shaft Mining
26:28 Loom
26:29 Town Watch
27:21 Heavy Plow
27:37 Masonry
28:09 Padded Archer Armor
30:05 Chemistry
30:16 Architecture
30:11 Conscription
30:00 Treadmill Crane
31:12 Ballistics
31:13 Bombard Tower
31:16 Ballistics
30:52 Murder Holes
31:52 Siege Engineers
33:41 Two-Man Saw
33:46 Arquebus
38:51 Sappers
41:18 Caravan
42:25 Guilds
42:17 Town Patrol
noru
10:54 Feudal Age
11:28 Double-Bit Axe
14:26 Castle Age
15:34 Bow Saw
16:12 Horse Collar
17:38 Wheelbarrow
18:14 Loom
20:40 Gold Mining
21:47 Pikeman
22:28 Squires
22:40 Arson
22:58 Scale Mail Armor
33:12 Heavy Plow
42:50 Imperial Age
40:41 Hand Cart
41:03 Fletching
41:14 Padded Archer Armor
41:04 Elite Skirmisher
41:40 Bodkin Arrow
Ancalagon14
12:16 Feudal Age
12:50 Double-Bit Axe
12:47 Horse Collar
15:44 Castle Age
16:37 Bow Saw
16:41 Heavy Plow
19:05 Loom
19:32 Fervor
22:40 Sanctity
29:04 Imperial Age
27:38 Wheelbarrow
26:47 Pikeman
27:28 Scale Mail Armor
27:38 Forging
27:52 Devotion
27:58 Squires
28:16 Arson
28:47 Chain Mail Armor
29:55 Chemistry
29:09 Halberdier
31:01 Iron Casting
33:09 Blast Furnace
33:01 Plate Mail Armor
35:19 Town Watch
35:50 Hand Cart
36:01 Padded Archer Armor
38:22 Town Patrol
39:00 Coinage
39:42 Siege Engineers
40:09 Leather Archer Armor
40:09 Masonry
40:26 Houfnice
40:41 Sappers
41:31 Conscription
42:08 Fletching
HR itu
10:37 Feudal Age
14:06 Castle Age
12:07 Horse Collar
12:27 Double-Bit Axe
15:02 Bow Saw
14:57 Heavy Plow
21:34 Wheelbarrow
20:44 Loom
22:39 Hand Cart
25:09 Gold Mining
25:59 Town Watch
30:40 Imperial Age
29:26 Scale Barding Armor
30:31 Chain Barding Armor
30:45 Bloodlines
31:05 Husbandry
31:03 Elite Battle Elephant
32:36 Chatras
33:42 Plate Barding Armor
34:15 Forging
35:43 Chemistry
36:17 Iron Casting
37:14 Fletching
37:32 Siege Engineers
37:52 Bodkin Arrow
38:54 Light Cavalry
41:10 Paper Money
HR Pinkman
0:25 Loom
7:56 Feudal Age
10:31 Fletching
10:48 Double-Bit Axe
11:31 Horse Collar
16:24 Wheelbarrow
20:38 Castle Age
21:40 Bow Saw
21:30 Heavy Plow
26:39 Hand Cart
31:33 Imperial Age
29:22 Gold Mining
30:06 Bodkin Arrow
30:43 Ballistics
30:41 Padded Archer Armor
30:20 Crossbowman
31:05 Town Watch
31:54 Leather Archer Armor
31:48 Thumb Ring
33:13 Chemistry
32:31 Bracer
31:52 Arbalester
33:46 Leather Archer Armor
33:07 Capped Ram
34:36 Siege Ram
36:01 Ring Archer Armor
39:45 Scale Mail Armor
39:56 Forging
39:07 Pikeman
39:47 Squires
Connection lost

Rejoining the realm…

Still unreachable

The connection could not be restored.

Session expired

The server has moved on; the page needs a fresh start.